 Seeded DCSS version 0.26-a0-651-gb41185065b (webtiles) character file.

Game seed: 6655593379944419050 (custom seed)

5526 dracos369 the Fighter (level 10, -1/110 HPs)
             Began as an Ogre Hunter on Oct 22, 2020.
             Was a Priest of Dithmenos.
             Slain by a goblin
             ... wielding a +0 spear
              (7 damage)
             ... on level 9 of the Dungeon on Oct 23, 2020.
             The game lasted 00:33:06 (14012 turns).

dracos369 the Fighter (Ogre Hunter)                Turns: 14012, Time: 00:33:06

Health: -1/110     AC:  7    Str: 20    XL:     10   Next: 70%
Magic:  10/10      EV: 11    Int: 12    God:    Dithmenos [***...]
Gold:   546        SH:  0    Dex: 10    Spells: 6/9 levels left

rFire    . . .     SeeInvis .   a - +1 giant club
rCold    . . .     Faith    .   (shield currently unavailable)
rNeg     . . .     Spirit   .   g - +1 robe
rPois    .         Reflect  .   (helmet restricted)
rElec    .         Harm     .   E - +2 cloak
rCorr    .         Rampage  .   (gloves unavailable)
MR       +....                  (boots unavailable)
Stlth    ++........             (no amulet)
HPRegen  0.28/turn              (no ring)
MPRegen  0.12/turn              (no ring)

@: about to teleport, hasted, wreathed by umbra, very quick
A: large, unfitting armour, tough skin 1
a: Shadow Step, Renounce Religion


You were on level 9 of the Dungeon.
You worshipped Dithmenos.
Dithmenos was most pleased with you.
You visited 2 branches of the dungeon, and saw 10 of its levels.
You also visited: Bailey.

You collected 546 gold pieces.

Inventory:

Hand Weapons
 a - a +1 giant club (weapon)
 b - a +2 whip of electrocution
 s - a +4 flail of holy wrath
Missiles
 c - 10 large rocks
 d - 2 throwing nets
 h - 5 boomerangs (quivered)
 j - 69 poisoned darts
 r - 15 javelins
Armour
 g - a +1 robe (worn)
 E - a +2 cloak (worn)
Wands
 k - a wand of iceblast (10)
 n - a wand of random effects (24)
 p - a wand of paralysis (9)
 x - a wand of flame (9)
 y - a wand of enslavement (10)
Scrolls
 e - a scroll of summoning {unknown}
 f - a scroll of fog {unknown}
 i - a scroll of magic mapping
 l - a scroll of teleportation
 v - 2 scrolls of amnesia {unknown}
 w - a scroll of remove curse
 A - a scroll of immolation {unknown}
Potions
 C - a potion of heal wounds {unknown}
 D - a potion of flight {unknown}
 F - a potion of mutation {unknown}


   Skills:
 + Level 10.1 Fighting
 * Level 9.2 Maces & Flails
 + Level 8.6 Throwing
 - Level 3.5 Dodging
 - Level 0.6 Stealth
 + Level 3.7 Transmutations


You had 6 spell levels left.
You knew the following spells:

 Your Spells              Type           Power        Failure   Level
b - Beastly Appendage     Tmut           #.....       7%          1
w - Wereblood             Tmut           #.......     11%         2

Your spell library contained the following spells:

 Spells                   Type           Power        Failure   Level
 Corona                   Hex            #......      32%         1
 Foxfire                  Conj/Fire      #...         32%         1
 Spider Form              Tmut/Pois      #.........   43%         3
 Slow                     Hex            #.......     45%         2
 Conjure Flame            Conj/Fire      #.......     69%         3
 Inner Flame              Hex/Fire       #.......     69%         3
 Static Discharge         Conj/Air       #.......     69%         3
 Stone Arrow              Conj/Erth      #.....       69%         3
 Ice Form                 Ice/Tmut       #.......     83%         4
 Blade Hands              Tmut           #.........   89%         5
 Sticky Flame             Conj/Fire      #.......     97%         4
 Yara's Violent Unravell  Hex/Tmut       #.........   99%         5
 Fireball                 Conj/Fire      #.........   100%        5
 Starburst                Conj/Fire      #.........   100%        6


Dungeon Overview and Level Annotations

Branches:
Dungeon (9/15)             Temple (1/1) D:5            Lair (0/6) D:9
 Bailey (visited)
    Orc: D:9-12

Altars:
Ashenzari
Cheibriados
Dithmenos
Elyvilon
Fedhas
Gozag
Hepliaklqana
Kikubaaqudgha
Makhleb
Nemelex Xobeh
Okawaru
Qazlal
Ru
Sif Muna
Trog
Uskayaw
Vehumet
Wu Jian
Xom
Yredelemnul
Zin
The Shining One


Innate Abilities, Weirdness & Mutations

You are too large for most types of armour.
You have tough skin. (AC +1)


Message History

The gnoll misses you.
Unknown command.
You closely miss the killer bee.
The killer bee is severely wounded.
The killer bee stings you but does no damage.
The gnoll hits you from afar with a +0 spear!
* * * LOW HITPOINT WARNING * * *
The orc priest calls down the wrath of Beogh upon you.
Beogh smites you!
* * * LOW HITPOINT WARNING * * *
The killer bee stings you.
* * * LOW HITPOINT WARNING * * *
Something hits you but does no damage. The orc closely misses you.
Unknown command.
As you read the scroll of teleportation, it crumbles to dust.
You feel strangely unstable. The killer bee closely misses you.
The gnoll hits you from afar with a +0 spear.
* * * LOW HITPOINT WARNING * * *
The goblin hits you from afar with a +0 spear!
You die...

#####..........,,,,,,,..,*
#####...#....#######o...>*
#####..###.l............>*
#####...#....###.###...,>*
#####....y.....#)#,,,,,,,*
...............#.#,,,,,,,*
..........$..###o###,,,,,*
.....y.......#!ooy.#,,,,,*
.............#.{@..#,,,,,*
.............#.!∩.!#,,,,,*
h............#.!ggg#,,,,,*
.............#..!..#,,,,,*
o..#.........#######,,,,,*
..###.!.......,,,,,,,,,,**
.[.*.........,,,,,,,,,,**
...,,.......,,,,,,,,,,**
...,,.!....,,,,,,,,,,**


You could see a killer bee, an orc priest, 2 gnolls, 2 orcs and a goblin.

Vanquished Creatures
  An orc knight (Bailey)
  Joseph (D:8)
  Grinder (D:4)
  A hippogriff (D:7)
  Eustachio (D:4)
  Menkaure (D:6)
  An ice beast (D:7)
  7 orc warriors
  3 sky beasts
  A necrophage (D:6)
  3 ogres
  2 phantoms (D:6)
  3 centaurs
  3 bullfrogs
  2 gnoll sergeants
  2 scorpions
  13 wights
  A centaur zombie (D:8)
  5 hounds
  3 jellies
  7 orc priests
  A bullfrog skeleton (D:4)
  5 orc wizards
  Terence (D:3)
  3 iguanas
  6 worker ants
  2 hound zombies
  2 hound skeletons
  3 worker ant zombies
  17 gnolls
  8 adders
  3 white imps
  4 ufetubi
  2 oozes
  An adder zombie (D:5)
  5 worms
  3 dart slugs
  2 leopard geckos
  32 orcs
  3 ball pythons
  8 giant cockroaches
  2 hobgoblins
  21 jackals
  6 kobolds
  5 quokkas
  9 bats
  7 frilled lizards
  A giant cockroach zombie (D:5)
  7 goblins
  A leopard gecko skeleton (D:5)
  3 quokka zombies
  4 rats
239 creatures vanquished.

Vanquished Creatures (others)
  3 withered plants (D:5)
3 creatures vanquished.

Grand Total: 242 creatures vanquished

Notes
Turn   | Place    | Note
-------+----------+-------------------------------------------
     0 | D:1      | dracos369 the Ogre Hunter began the quest for the Orb.
     0 | D:1      | Reached XP level 1. HP: 22/22 MP: 1/1
   169 | D:1      | Reached skill level 3 in Fighting
   223 | D:1      | Reached XP level 2. HP: 21/31 MP: 2/2
  1351 | D:2      | Reached XP level 3. HP: 39/39 MP: 3/3
  1636 | D:2      | Reached skill level 4 in Fighting
  2215 | D:3      | Reached XP level 4. HP: 36/48 MP: 4/4
  2445 | D:3      | Reached skill level 1 in Maces & Flails
  2882 | D:3      | Reached skill level 5 in Throwing
  2882 | D:3      | Reached XP level 5. HP: 48/55 MP: 5/5
  2882 | D:3      | Noticed Terence
  2962 | D:3      | Killed Terence
  3812 | D:4      | Noticed an ogre
  3940 | D:3      | Killed an ogre
  3940 | D:3      | Reached skill level 5 in Fighting
  3940 | D:3      | Reached XP level 6. HP: 28/66 MP: 6/6
  4684 | D:4      | Noticed Grinder
  4690 | D:4      | Killed Grinder
  4690 | D:4      | Reached skill level 6 in Fighting
  4690 | D:4      | Reached XP level 7. HP: 46/75 MP: 7/7
  5069 | D:4      | Noticed Eustachio
  5086 | D:4      | Killed Eustachio
  5561 | D:5      | Entered Level 5 of the Dungeon
  5566 | D:5      | Reached skill level 5 in Maces & Flails
  5566 | D:5      | Reached XP level 8. HP: 50/84 MP: 8/8
  5608 | D:5      | Reached skill level 7 in Fighting
  6309 | D:5      | Found a staircase to the Ecumenical Temple.
  6321 | Temple   | Entered the Ecumenical Temple
  6455 | Temple   | Became a worshipper of Dithmenos the Shadowed
  7100 | D:5      | Learned a level 2 spell: Wereblood
  7102 | D:5      | Learned a level 1 spell: Beastly Appendage
  8365 | D:6      | Reached skill level 8 in Fighting
  8365 | D:6      | Reached XP level 9. HP: 91/96 MP: 9/9
  8516 | D:6      | Noticed Menkaure
  8518 | D:6      | Killed Menkaure
  8558 | D:6      | Reached * piety under Dithmenos
  9541 | D:7      | Found a hazy altar of Hepliaklqana.
  9556 | D:7      | Reached skill level 1 in Transmutations
  9666 | D:7      | Found a radiant altar of Vehumet.
 10175 | D:7      | Reached ** piety under Dithmenos
 10704 | D:8      | Reached skill level 9 in Fighting
 10730 | D:8      | HP: 2/98 [orc/+0 flail (9)]
 11288 | D:7      | Reached XP level 10. HP: 32/107 MP: 10/10
 12581 | D:8      | Noticed Joseph
 12598 | D:8      | Killed Joseph
 13012 | D:9      | Found a burning altar of Makhleb.
 13015 | D:9      | Noticed a green death
 13057 | D:9      | Found a flagged portal.
 13063 | D:9      | HP: 5/110 [orc priest/divine providence (17)]
 13072 | Bailey   | Entered a bailey
 13446 | Bailey   | Reached *** piety under Dithmenos
 13681 | Bailey   | Noticed an orc knight
 13733 | Bailey   | Killed an orc knight
 13733 | Bailey   | Reached skill level 10 in Fighting
 13941 | Bailey   | Identified the Volume of Fatigue
 14012 | D:9      | Slain by a goblin

Illustrated notes

Levels and vault maps discovered:
D:1:      tarquinn_simple_flora_water_f, layout_basic
D:2:      layout_basic
D:3:      layout_loops_ring, uniq_terence
D:4:      layout_basic, uniq_grinder, uniq_eustachio
D:5:      minmay_angry_zag, layout_loops_cross, minmay_temple_entry_tees,
          serial_undead, serial_undead_f, serial_undead_e, serial_undead_e,
          serial_undead_d
D:6:      layout_basic, uniq_menkaure
D:7:      layout_basic, vehumet_altar_wand_db, basic_altar
D:8:      layout_basic, uniq_joseph
D:9:      layout_big_octagon, lair_entry_dummy, enter_bailey_7,
          chequers_serial_rivers_large_a, makhleb_altar_promises_db
Temple:   regret_index_temple_sigil_plot

Skill      XL: |  1  2  3  4  5  6  7  8  9 10 |
---------------+-------------------------------+-----
Fighting       | 3 4 5 6 8 9 10 | 10.1
Maces & Flails | 1 2 4 5 6 8 9 |  9.2
Throwing       | 5 6 7 8 |  8.6
Dodging        | 3 |  3.5
Transmutations | 2 3 |  3.7
Stealth        | |  0.6

Action                   |  1- 3 |  4- 6 |  7- 9 | 10-12 || total
-------------------------+-------+-------+-------+-------++-------
Melee: Short sword       |    56 |       |       |       ||    56
       Dagger            |    85 |       |       |       ||    85
       Whip              |    23 |   112 |    75 |       ||   210
       Giant club        |       |       |   292 |   100 ||   392
Throw: Javelin           |       |     1 |     6 |     1 ||     8
       Dart              |       |     5 |       |       ||     5
       Large rock        |       |     2 |     3 |       ||     5
       Boomerang         |       |       |    33 |    82 ||   115
  Use: Scroll            |     4 |     5 |     7 |     6 ||    22
       Potion            |       |     1 |     6 |     7 ||    14
 Stab: Sleeping          |       |     2 |     2 |       ||     4
Armor: Robe              |    77 |    29 |   110 |    57 ||   273
       Skin              |       |     2 |     8 |       ||    10
Dodge: Dodged            |   111 |    72 |   247 |   114 ||   544

Table legend: (Time is in decaauts)
 A = Elapsed time spent in this place.
 B = Non-inter-level travel time spent in this place.
 C = Inter-level travel time spent in this place.
 D = Time resting spent in this place.
 E = Time spent auto-exploring this place.
 F = Levels seen in this place.
 G = Mean time per level.
                   A        B        C        D        E       F      G
               +--------+--------+--------+--------+--------+-----+--------+
         Total |  14112 |  13602 |    510 |   4203 |   7232 |  11 | 1282.9 |
       Dungeon |  12868 |  12389 |    479 |   3867 |   6536 |   9 | 1429.8 |
        Temple |    327 |    296 |     31 |      0 |    291 |   1 |  327.0 |
        Bailey |    916 |    916 |      0 |    336 |    405 |   1 |  916.0 |
               +--------+--------+--------+--------+--------+-----+--------+

Top non-repeatable levels by time:
     D:5: 2461 daAuts
     D:8: 1939 daAuts
     D:3: 1819 daAuts
     D:7: 1716 daAuts
     D:4: 1553 daAuts
     D:1: 1354 daAuts
     D:6: 1103 daAuts
  Bailey: 916 daAuts
     D:2: 839 daAuts
  Temple: 327 daAuts
     D:9: 79 daAuts
